 Dungeon Crawl Stone Soup version 0.18-a0-1243-g9e52518 (webtiles) character file.

514 ipx the Purveyor of Pain (level 7, -1/51 HPs)
             Began as a Human Necromancer on Feb 5, 2016.
             Was an Initiate of Kikubaaqudgha.
             Slain by Prince Ribbit (11 damage)
             ... on level 5 of the Dungeon.
             The game lasted 00:36:33 (2556 turns).

ipx the Purveyor of Pain (Human Necromancer)        Turns: 2556, Time: 00:36:33

Health: -1/51      AC:  3    Str:  9    XL:     7   Next: 44%
Magic:  1/13       EV: 12    Int: 17    God:    Kikubaaqudgha [......]
Gold:   197        SH:  0    Dex: 13    Spells: 5 memorised, 3 levels left

rFire  . . .     SeeInvis .     g - +0 blowgun
rCold  . . .     Gourm    .     m - +0 robe
rNeg   . . .     Faith    .     (no shield)
rPois  .         Spirit   .     i - +0 helmet
rElec  .         Dismiss  .     (no cloak)
rCorr  +         Reflect  .     (no gloves)
SustAt .         Harm     .     (no boots)
MR     .....                    (no amulet)
Stlth  ++........               (no ring)
                                h - ring of resist corrosion

@: very slightly contaminated, not resistant to hostile enchantments, unstealthy
A: no striking features
a: Renounce Religion


You were on level 5 of the Dungeon.
You worshipped Kikubaaqudgha.
Kikubaaqudgha was noncommittal.
You were not hungry.

You visited 2 branches of the dungeon, and saw 7 of its levels.

You collected 197 gold pieces.

Inventory:

Hand Weapons
 a - a +0 spear
 g - a +0 blowgun (weapon)
 z - a +3 flail of protection
Missiles
 s - 27 poisoned needles (quivered)
Armour
 i - a +0 helmet (worn)
 l - a +0 hat
 m - a +0 robe (worn)
 u - a +0 chain mail of fire resistance
Jewellery
 h - a ring of resist corrosion (left hand)
Wands
 p - a wand of heal wounds (6/9)
Scrolls
 d - 2 scrolls of remove curse
 e - a scroll of amnesia
 n - 2 scrolls of random uselessness {unknown}
 t - a scroll of recharging {unknown}
 v - a scroll of enchant weapon {unknown}
 w - a scroll of noise {unknown}
 y - a scroll of identify
Potions
 q - 3 potions of flight
 x - a potion of magic
 A - a potion of ambrosia {unknown}
Books
 b - a book of Necromancy

   Spells                             Type                      Level
   a - Pain                           Necromancy                   1
   b - Animate Skeleton               Necromancy                   1
   c - Vampiric Draining              Necromancy                   3
   d - Regeneration                   Charms/Necromancy            3
   e - Animate Dead                   Necromancy                   4
   f - Control Undead                 Necromancy                   4
Comestibles
 c - 2 bread rations
 f - a royal jelly
 k - a beef jerky
 o - a meat ration
 r - 2 slices of pizza
 B - 5 chunks of flesh


   Skills:
 + Level 2.6 Fighting
 - Level 2.0 Dodging
 - Level 2.0 Stealth
 + Level 4.5 Spellcasting
 - Level 1.5 Charms
 + Level 6.0 Necromancy


You had 3 spell levels left.
You knew the following spells:

 Your Spells              Type           Power        Failure   Level  Hunger
a - Animate Skeleton      Necr           N/A          1%          1    None
d - Vampiric Draining     Necr           ###.......   4%          3    ###....
n - Pain                  Necr           ###.         1%          1    None
r - Regeneration          Chrm/Necr      ###.......   12%         3    ###....
A - Animate Dead          Necr           N/A          14%         4    ####...


Dungeon Overview and Level Annotations

Branches:
Dungeon (6/15)             Temple (1/1) D:4

Altars:
Ashenzari
Cheibriados
Dithmenos
Elyvilon
Gozag
Kikubaaqudgha
Nemelex Xobeh
Okawaru
Pakellas
Trog
Vehumet
Xom
Zin
The Shining One

Annotations:
D:5 Blork the orc, Prince Ribbit


Message History

Prince Ribbit catches a centipede with his tongue.
Prince Ribbit misses you.
Your jackal skeleton misses Prince Ribbit.
Casting: Vampiric Draining
Confirm with . or Enter, or press ? or * to list all spells.
Aiming: Vampiric Draining
Press: ? - help, Shift-Dir - straight line, f/p - Prince Ribbit
Aim: Prince Ribbit (severely wounded)
You miscast Vampiric Draining.
Strange energies run through your body. Prince Ribbit hits you!
* * * LOW HITPOINT WARNING * * *
Your jackal skeleton completely misses Prince Ribbit.
Read which item? (? for menu, Esc to quit)
Okay, then.
Drink which item? (? for menu, Esc to quit)
You feel better. Prince Ribbit barely misses you.
Your jackal skeleton misses Prince Ribbit.
Prince Ribbit hits you!
You die...
Kikubaaqudgha rasps: "You have failed me!
Welcome... death!"

#....##.....# #.......#....#
#....##....######.......#....#
#....##....###..#.>.....'....#
#....##.....#...'.[.....#....#
#....##.....'...#.......#....#
#....##.....#############....#
#....##.....##..##......'....#
#....#..................#....#
+..o.'..........@F......#....#
#+##'####.(###..##ZZ....#....#
...#.####.(###..##......#....#
...#...#..(..(..........#....#
...#...#........#########....#
...###+###(##...# #....#
##.... #.##...# #....# ....
'....... #....# ..... #.......
+....#


You could see Prince Ribbit, a friendly scorpion zombie and a friendly jackal
skeleton.

Vanquished Creatures
  Edmund (D:5)
  A scorpion (D:5)
  A hound (D:4)
  An orc wizard (D:4)
  An iguana (D:4)
  Ijyb (D:3)
  4 worker ants
  3 gnolls (D:3)
  4 adders
  A worm (D:3)
  7 giant geckos
  5 orcs
  10 bats
  2 giant cockroaches
  7 goblins
  8 hobgoblins
  6 jackals
  A quokka (D:4)
  A ball python skeleton (D:4)
  A giant newt (D:1)
  A jackal skeleton (D:4)
  5 kobolds
  4 rats
76 creatures vanquished.

Vanquished Creatures (collateral kills)
  An ooze (D:3)
  2 worms
  A goblin (D:3)
4 creatures vanquished.

Grand Total: 80 creatures vanquished

Notes
Turn   | Place    | Note
--------------------------------------------------------------
     0 | D:1      | ipx the Human Necromancer began the quest for the Orb.
     0 | D:1      | Reached XP level 1. HP: 13/13 MP: 3/3
   117 | D:1      | Reached XP level 2. HP: 11/19 MP: 1/5
   120 | D:1      | Learned a level 1 spell: Animate Skeleton
   358 | D:1      | Reached XP level 3. HP: 10/24 MP: 3/6
   363 | D:1      | Learned a level 3 spell: Regeneration
   541 | D:2      | Found a glowing silver altar of Zin.
   658 | D:2      | Found a faded altar to an unknown god.
   661 | D:2      | Reached XP level 4. HP: 22/30 MP: 3/8
   666 | D:2      | Learned a level 3 spell: Vampiric Draining
   797 | D:3      | Reached skill level 1 in Charms
  1040 | D:3      | Found a shadowy altar of Dithmenos.
  1043 | D:3      | Noticed Ijyb
  1074 | D:3      | Killed Ijyb
  1074 | D:3      | Reached XP level 5. HP: 23/35 MP: 0/9
  1412 | D:4      | Reached skill level 5 in Necromancy
  1458 | D:5      | Entered Level 5 of the Dungeon
  1510 | D:3      | Reached skill level 1 in Fighting
  1557 | D:3      | Reached XP level 6. HP: 32/43 MP: 6/11
  1669 | D:4      | Found a staircase to the Ecumenical Temple.
  1677 | Temple   | Entered the Ecumenical Temple
  1697 | Temple   | Became a worshipper of Kikubaaqudgha
  1703 | Temple   | Learned a level 4 spell: Animate Dead
  1844 | D:5      | Noticed Blork the orc
  2258 | D:6      | Noticed Prince Ribbit
  2283 | D:5      | Noticed Edmund
  2316 | D:5      | Killed Edmund
  2316 | D:5      | Reached XP level 7. HP: 33/50 MP: 2/13
  2514 | D:5      | Reached skill level 6 in Necromancy
  2556 | D:5      | Slain by Prince Ribbit

Vault maps used:
D:1:      dpeg_arrival_rooms_c, minmay_unequal
D:2:      zin_statuary, first_bread, ecumenical_altar_2, minmay_liquid_box,
          elyvilon_altar_1
D:3:      lemuel_castle_with_subvaults, nicolae_dithmenos_shadow_blocks,
          lemuel_blue_sif_altar, serial_bayou_pond_e, uniq_iyjb, uniq_sigmund
D:4:      minmay_temple_entry_grid, serial_bayou_crossing
D:5:      uniq_edmund, uniq_blork_the_orc
D:6:      bloody_makhleb, nicolae_overflow_hidden_temple, minmay_misc_feat_tiny,
          uniq_prince_ribbit1, uniq_crazy_yiuf_cottage, uniq_duvessa
Temple:   temple_eino_lava_12

Action                   |  1- 3 |  4- 6 |  7- 9 || total
-------------------------+-------+-------+-------++-------
Melee: Spear             |       |    10 |       ||    10
 Fire: Blowgun           |       |    46 |    10 ||    56
 Cast: Pain              |    44 |   105 |     2 ||   151
       Animate Skeleton  |     2 |     9 |     2 ||    13
       Regeneration      |     1 |     2 |       ||     3
       Vampiric Draining |       |     3 |     1 ||     4
       Animate Dead      |       |     1 |     1 ||     2
  Use: Scroll            |       |     8 |       ||     8
       Potion            |       |     1 |     2 ||     3
 Stab: Sleeping          |       |     5 |       ||     5
       Distracted        |       |       |     1 ||     1
  Eat: Chunk             |       |     7 |     1 ||     8
